 Dungeon Crawl Stone Soup version 0.23.0 (webtiles) character file.

Game seed: 1564080158447377101

37589 Infinimo the Markscentaur (level 13, -15/118 HPs)
             Began as a Centaur Hunter on Feb 17, 2019.
             Was the Champion of Okawaru.
             Killed from afar by Garrluk's ghost (58 damage)
             ... with a fireball
             ... on level 2 of the Lair of Beasts.
             The game lasted 00:31:18 (22049 turns).

Infinimo the Markscentaur (Centaur Hunter)         Turns: 22049, Time: 00:31:19

Health: -15/118    AC: 15    Str: 22    XL:     13   Next: 59%
Magic:  13/13      EV: 10    Int: 14    God:    Okawaru [******]
Gold:   911        SH:  0    Dex: 17    Spells: 12/12 levels left

rFire    . . .     SeeInvis .   P - +1 shortbow of Articulation {velocity, *Slow rPois Str+4}
rCold    . . .     Gourm    .   (shield currently unavailable)
rNeg     . . .     Faith    +   i - +5 ring mail of Dosyboco {MR- Int+4 Stlth+}
rPois    +         Spirit   .   (no helmet)
rElec    .         Reflect  .   J - scarf {cloud immunity}
rCorr    .         Harm     .   q - +2 pair of gloves {archery}
MR       .....                  (no barding)
Stlth    ++........             I - amulet of faith
HPRegen  0.29/turn              E - +2 ring of slaying
MPRegen  0.13/turn              D - +5 ring of dexterity

@: very quick
A: large, hooves 3, deformed body, speed 2, tough skin 3
a: Heroism, Finesse, Renounce Religion


You were on level 2 of the Lair of Beasts.
You worshipped Okawaru.
Okawaru was exalted by your worship.
You were not hungry.

You visited 3 branches of the dungeon, and saw 15 of its levels.
You also visited: Sewer.

You collected 1186 gold pieces.
You spent 275 gold pieces at shops.

Inventory:

Hand Weapons
 a - the +8 trident of the Octopus King {venom, rElec rPois MR+}
   (You found it on level 8 of the Dungeon)

   It poisons the flesh of those it strikes.
   It insulates you from electricity.
   It protects you from poison.
   It affects your resistance to hostile enchantments.
 k - a +2 longbow
 P - the +1 shortbow of Articulation (weapon) {velocity, *Slow rPois Str+4}
   (Okawaru gifted it to you on level 2 of the Lair of Beasts)

   Any arrow fired from it inflicts extra damage.
   It affects your strength (+4).
   It protects you from poison.
   It may slow you when you take damage.
Missiles
 d - 409 arrows (quivered)
Armour
 i - the +5 ring mail of Dosyboco (worn) {MR- Int+4 Stlth+}
   (You found it on level 9 of the Dungeon)

   It affects your intelligence (+4).
   It affects your resistance to hostile enchantments.
   It makes you more stealthy.
 q - a +2 pair of gloves of archery (worn)
 J - a scarf of cloud immunity (worn)
Jewellery
 b - an uncursed ring of fire
 c - an uncursed ring of protection from magic
 v - a cursed ring of see invisible {unknown}
 D - a +5 ring of dexterity (right hand)
 E - a +2 ring of slaying (left hand)
 I - an amulet of faith (around neck)
 M - an uncursed ring of ice
Wands
 x - a wand of disintegration (14)
 A - a wand of acid (20)
 N - a wand of digging (12)
Scrolls
 e - 5 scrolls of remove curse
 g - 10 scrolls of teleportation
 p - 2 scrolls of amnesia
 w - 6 scrolls of enchant armour
 z - 2 scrolls of fear
 C - 4 scrolls of identify
 G - 3 scrolls of blinking
 O - a scroll of magic mapping
Potions
 h - 6 potions of flight
 j - a potion of might
 l - 2 potions of haste
 m - 2 potions of cancellation
 n - 8 potions of curing
 o - 4 potions of heal wounds
 r - 2 potions of magic
 s - 3 potions of agility
 t - a potion of mutation
 u - 2 potions of ambrosia
 B - 5 potions of brilliance
 F - 2 potions of lignification {unknown}
 H - 2 potions of invisibility {unknown}
 K - 2 potions of berserk rage {unknown}
 Q - a potion of resistance {unknown}
Comestibles
 f - 37 rations


   Skills:
 + Level 12.0 Fighting
 * Level 20.3 Bows
 + Level 8.7 Armour
 - Level 3.1 Dodging
 - Level 0.4 Stealth


You had 12 spell levels left.
You didn't know any spells.
Your spell library contained the following spells:

 Spells                   Type           Power        Failure   Level  Hunger
 Animate Skeleton         Necr           N/A          38%         1    ##.....
 Apportation              Tloc           #.....       38%         1    ##.....
 Confusing Touch          Hex            #.....       38%         1    ##.....
 Shock                    Conj/Air       #...         38%         1    ##.....
 Summon Small Mammal      Summ           #...         38%         1    ##.....
 Swiftness                Chrm/Air       #.......     54%         2    ###....
 Static Discharge         Conj/Air       #.......     77%         3    ####...
 Airstrike                Air            #.........   99%         4    #####..
 Lightning Bolt           Conj/Air       #.........   100%        5    ######.


Dungeon Overview and Level Annotations

Branches:
Dungeon (12/15)            Temple (1/1) D:6            Lair (2/6) D:10
 Spider (0/4) Lair:2          Orc (0/2) D:11
  Swamp: Lair:2-4    Shoals: Lair:2-4

Altars:
Ashenzari
Cheibriados
Dithmenos
Elyvilon
Fedhas
Gozag
Hepliaklqana
Kikubaaqudgha
Makhleb
Nemelex Xobeh
Okawaru
Qazlal
Ru
Sif Muna
Trog
Uskayaw
Vehumet
Wu Jian
Xom
Yredelemnul
Zin
The Shining One

Shops:
D:6 ![=   D:11 [

Annotations:
Lair:2 Garrluk's ghost, journeyman DEFE


Innate Abilities, Weirdness & Mutations

You have hooves in place of feet.
Armour fits poorly on your strangely shaped body.
You cover ground very quickly.
You have extremely tough skin. (AC +3)


Message History

Firing (i - inventory)
d - 412 arrows (quivered)
Press: ? - help, Shift-Dir - straight line, f/p - Garrluk's ghost
Aim: Garrluk's ghost, wielding a vorpal weapon (heavily damaged, covering ground quickly)
You shoot an arrow. The arrow hits Garrluk's ghost!
Garrluk's ghost is severely damaged.
Firing (i - inventory)
d - 411 arrows (quivered)
Press: ? - help, Shift-Dir - straight line, f/p - Garrluk's ghost
Aim: Garrluk's ghost, wielding a vorpal weapon (severely damaged, covering ground quickly)
You shoot an arrow.
The arrow hits Garrluk's ghost but does no damage.
Garrluk's ghost is severely damaged.
Firing (i - inventory)
d - 410 arrows (quivered)
Press: ? - help, Shift-Dir - straight line, f/p - Garrluk's ghost
Aim: Garrluk's ghost, wielding a vorpal weapon (severely damaged, covering ground quickly)
You shoot an arrow.
The arrow hits Garrluk's ghost but does no damage.
Garrluk's ghost is severely damaged.
Garrluk's ghost points at you and mumbles some strange words.
The fireball explodes!
The fireball engulfs you!!!
You die...

....).# ### #####..............
.....## #.####..#..#......>.....
.....## ##.#...##.#.#.......÷...
......# #........######.....÷÷..
F....#####.........## ##.#..#÷..#
....####............###.#########
...#.#.........^........#
...####................##
.....#...(F.W...@.....#.# #
.#P....(...............## #
####.(...........P..#### #
##...........#..##
##.........#..## #.............#
###......#..P## ##....#...##
##.....###


You could see a spiny frog and Garrluk's ghost.

Vanquished Creatures
  Azrael (D:12)
  Snorg (D:10)
  The ghost of duruk the Fighter, a novice OgWn of Cheibriados (D:11)
  4 hydras
  5 two-headed ogres
  A centaur warrior (D:12)
  A tengu warrior (D:11)
  Sonja (D:11)
  2 unseen horrors (D:11)
  2 cyclopes
  2 deep elf magi (D:12)
  An ugly thing (D:9)
  A manticore (D:11)
  A black mamba (Lair:2)
  4 spiny frogs
  2 centaur zombies
  2 gargoyles
  A rime drake (Lair:2)
  2 efreet (D:11)
  2 komodo dragons
  A jumping spider (Lair:2)
  6 trolls
  3 slime creatures (D:12)
  4 blink frogs (Lair:2)
  6 hippogriffs
  Sigmund (D:2)
  A wyvern (D:7)
  23 yaks
  A fire elemental (D:12)
  A wraith (D:11)
  2 vampire mosquitoes (D:12)
  Grum (D:9)
  2 acid dragons
  4 water moccasins
  7 porcupines
  6 hell hounds (D:12)
  11 ice beasts
  13 orc warriors
  2 phantoms
  3 black bears
  2 necrophages
  The ghost of Froggeryz the Ruffian, an amateur MiTm (D:3)
  10 ogres
  13 wolves
  6 centaurs
  9 bullfrogs
  5 scorpions
  A water moccasin skeleton (D:8)
  20 killer bees
  16 wights
  4 electric eels (Lair:1)
  5 howler monkeys
  10 crimson imps
  2 bullfrog zombies (D:12)
  3 centaur skeletons
  8 hounds
  2 jellies (D:7)
  15 orc wizards
  6 orc priests
  3 bullfrog skeletons
  2 iguanas
  Terence (D:2)
  9 worker ants
  A killer bee zombie (D:10)
  A hound zombie (D:11)
  A hound skeleton (D:4)
  6 gnolls
  A howler monkey skeleton (D:10)
  14 adders
  3 shadow imps
  5 oozes
  An adder zombie (D:7)
  5 worms
  A dart slug (D:3)
  2 leopard geckos
  46 orcs
  11 giant cockroaches
  3 goblins
  7 hobgoblins
  13 jackals
  4 quokkas
  A ball python (Sewer)
  12 bats
  10 frilled lizards
  11 kobolds
  4 rats
451 creatures vanquished.

Vanquished Creatures (others)
  4 plants
4 creatures vanquished.

Grand Total: 455 creatures vanquished

Notes
Turn   | Place    | Note
-------+----------+-------------------------------------------
     0 | D:1      | Infinimo the Centaur Hunter began the quest for the Orb.
     0 | D:1      | Reached XP level 1. HP: 17/17 MP: 1/1
   337 | D:1      | Reached XP level 2. HP: 24/24 MP: 2/2
  1188 | D:2      | Reached skill level 6 in Bows
  1324 | D:2      | Reached XP level 3. HP: 26/30 MP: 3/3
  1387 | D:2      | Noticed Terence
  1476 | D:2      | Killed Terence
  1926 | D:2      | Reached XP level 4. HP: 37/37 MP: 4/4
  1983 | D:2      | Noticed Sigmund
  2016 | D:2      | Killed Sigmund
  2016 | D:2      | Reached skill level 7 in Bows
  2016 | D:2      | Reached XP level 5. HP: 23/45 MP: 5/5
  2943 | D:3      | Found a transporter.
  2944 | D:3      | Noticed Froggeryz's ghost (amateur MiTm)
  3077 | D:3      | Found a transporter.
  3222 | D:3      | Found a snail-covered altar of Cheibriados.
  3227 | D:3      | Reached XP level 6. HP: 51/51 MP: 6/6
  3700 | D:3      | Reached skill level 8 in Bows
  3711 | D:3      | Killed Froggeryz's ghost
  4096 | D:4      | Found a basalt altar of Yredelemnul.
  4182 | D:4      | Reached XP level 7. HP: 21/59 MP: 7/7
  4498 | D:4      | Found a glowing golden altar of the Shining One.
  4498 | D:4      | Found a glowing silver altar of Zin.
  4499 | D:4      | Found a white marble altar of Elyvilon.
  4574 | D:5      | Entered Level 5 of the Dungeon
  4597 | D:5      | Noticed a hippogriff
  4618 | D:5      | Killed a hippogriff
  4618 | D:5      | Reached skill level 9 in Bows
  4689 | D:5      | Reached skill level 1 in Armour
  5051 | D:5      | Found a glowing drain.
  5055 | Sewer    | Entered a sewer
  5059 | Sewer    | Reached skill level 10 in Bows
  5689 | D:5      | Reached XP level 8. HP: 65/67 MP: 8/8
  5785 | D:5      | Reached skill level 5 in Fighting
  6443 | D:6      | Found Ylufoh's Armour Emporium.
  6474 | D:6      | Reached skill level 11 in Bows
  7100 | D:6      | Found Moisal's Jewellery Boutique.
  7344 | D:6      | Bought a +2 ring of slaying for 210 gold pieces
  7522 | D:6      | Found Patad's Distillery.
  7525 | D:6      | Bought a potion of heal wounds for 65 gold pieces
  7918 | D:6      | Found a staircase to the Ecumenical Temple.
  8074 | Temple   | Entered the Ecumenical Temple
  8400 | D:7      | Reached XP level 9. HP: 32/74 MP: 9/9
  8780 | D:7      | Found a burning altar of Makhleb.
  8780 | D:7      | Found a transporter.
  8811 | D:7      | Reached skill level 12 in Bows
  8950 | D:7      | Found a transporter.
  9312 | D:7      | Found a hide-covered altar of Uskayaw.
  9315 | D:7      | Found an ancient bone altar of Kikubaaqudgha.
  9321 | D:7      | Found a shadowy altar of Dithmenos.
  9855 | D:8      | Noticed a two-headed ogre
  9910 | D:7      | Killed a two-headed ogre
  9910 | D:7      | Reached skill level 13 in Bows
 10413 | D:8      | Reached XP level 10. HP: 85/85 MP: 10/10
 10430 | D:8      | Found the +8 trident of the Octopus King {venom, rElec
                  | rPois MR+}
 10452 | D:8      | Found an iron altar of Okawaru.
 10467 | D:8      | Became a worshipper of Warmaster Okawaru
 10958 | D:7      | Reached skill level 14 in Bows
 11349 | D:8      | Found a bloodstained altar of Trog.
 11426 | D:8      | Reached * piety under Okawaru
 11526 | D:8      | Found an opulent altar of Gozag.
 11701 | D:9      | Got a twisted ring mail
 11713 | D:9      | Identified the +5 ring mail of Dosyboco {MR- Int+4 Stlth+}
                  | (You found it on level 9 of the Dungeon)
 11722 | D:9      | Noticed a two-headed ogre
 11751 | D:9      | Killed a two-headed ogre
 11751 | D:9      | Reached skill level 5 in Armour
 12008 | D:9      | Found a deep blue altar of Sif Muna.
 12299 | D:9      | Found a sparkling altar of Nemelex Xobeh.
 12328 | D:9      | Noticed a two-headed ogre
 12364 | D:9      | Killed a two-headed ogre
 12364 | D:9      | Reached ** piety under Okawaru
 12364 | D:9      | Reached skill level 15 in Bows
 12589 | D:9      | Noticed a brown ugly thing
 12624 | D:9      | Killed a brown ugly thing
 12624 | D:9      | Reached *** piety under Okawaru
 12624 | D:9      | Reached XP level 11. HP: 47/95 MP: 11/11
 12664 | D:9      | Noticed Grum
 12866 | D:9      | Killed Grum
 13225 | D:9      | Reached **** piety under Okawaru
 13260 | D:9      | Received a gift from Okawaru
 13580 | D:9      | Reached skill level 16 in Bows
 13944 | D:10     | Entered Level 10 of the Dungeon
 14272 | D:10     | Received a gift from Okawaru
 14501 | D:10     | Noticed Snorg
 14502 | D:10     | Found a sacrificial altar of Ru.
 14598 | D:10     | Killed Snorg
 14598 | D:10     | Received a gift from Okawaru
 14659 | D:10     | Found a staircase to the Lair.
 15033 | D:11     | Noticed a tengu warrior
 15067 | D:11     | Killed a tengu warrior
 15067 | D:11     | Received a gift from Okawaru
 15168 | D:11     | HP: 3/99 [efreet/bolt of fire (15)]
 15170 | D:11     | Reached ***** piety under Okawaru
 15320 | D:11     | Reached skill level 17 in Bows
 15603 | D:11     | Killed an unseen horror
 15623 | D:11     | Received a gift from Okawaru
 15623 | D:11     | Reached skill level 10 in Fighting
 15873 | D:11     | Noticed Sonja
 15894 | D:11     | Reached XP level 12. HP: 32/106 MP: 12/12
 16174 | D:11     | Found a transporter.
 16177 | D:11     | Noticed duruk's ghost (novice OgWn)
 16177 | D:11     | Noticed a two-headed ogre
 16188 | D:11     | Found Jekle's Armour Boutique.
 16189 | D:11     | Found a staircase to the Orcish Mines.
 17017 | D:11     | Found a transporter.
 17030 | D:11     | Killed Sonja
 17363 | D:11     | Received a gift from Okawaru
 17387 | D:11     | Killed a two-headed ogre
 17432 | D:11     | Killed duruk's ghost
 17432 | D:11     | Reached ****** piety under Okawaru
 17432 | D:11     | Reached skill level 18 in Bows
 17589 | D:12     | Noticed a centaur warrior
 17598 | D:12     | Killed a centaur warrior
 17641 | D:12     | Noticed a seven-headed hydra
 17723 | D:12     | Killed a seven-headed hydra
 17723 | D:12     | Received a gift from Okawaru
 17928 | Lair:1   | Entered Level 1 of the Lair of Beasts
 18156 | D:12     | Noticed a four-headed hydra
 18166 | D:12     | Killed a four-headed hydra
 18166 | D:12     | Received a gift from Okawaru
 18372 | D:12     | Noticed a two-headed ogre
 18380 | D:12     | Killed a two-headed ogre
 18380 | D:12     | Reached skill level 19 in Bows
 19145 | D:12     | Noticed Azrael
 19153 | D:12     | Reached XP level 13. HP: 116/116 MP: 13/13
 19171 | D:12     | Received a gift from Okawaru
 19190 | D:12     | Killed Azrael
 19454 | D:12     | Received a gift from Okawaru
 19947 | Lair:1   | Received a gift from Okawaru
 21001 | Lair:2   | Received a gift from Okawaru
 21032 | Lair:2   | Reached skill level 20 in Bows
 21080 | Lair:2   | Received a gift from Okawaru
 21083 | Lair:2   | Got a crystal shortbow {god gift}
 21084 | Lair:2   | Identified the +1 shortbow of Articulation {velocity, *Slow
                  | rPois Str+4} (Okawaru gifted it to you on level 2 of the
                  | Lair of Beasts)
 21414 | Lair:2   | Found a runed translucent door.
 21416 | Lair:2   | Noticed Garrluk's ghost (journeyman DEFE)
 21815 | Lair:2   | Found a hole to the Spider Nest.
 22049 | Lair:2   | Killed from afar by Garrluk's ghost

Skill      XL: |  1  2  3  4  5  6  7  8  9 10 11 12 13 |
---------------+----------------------------------------+-----
Bows           | 6 7 8 10 11 13 15 17 19 20 | 20.3
Dodging        | 2 3 |  3.1
Fighting       | 3 4 6 7 8 10 11 12 | 12.0
Armour         | 1 3 4 5 6 8 |  8.7
Stealth        | |  0.4

Action                   |  1- 3 |  4- 6 |  7- 9 | 10-12 | 13-15 || total
-------------------------+-------+-------+-------+-------+-------++-------
Melee: Short sword       |   103 |    18 |       |       |       ||   121
       Kick              |    21 |    25 |    78 |    67 |       ||   191
       Unarmed           |     4 |       |       |       |       ||     4
       Dagger            |       |    82 |   313 |    63 |       ||   458
       Trident           |       |       |    13 |   246 |       ||   259
       Shortbow          |       |       |       |     2 |       ||     2
 Fire: Shortbow          |    36 |    10 |    26 |   438 |   266 ||   776
  Use: Scroll            |       |     6 |    14 |     4 |       ||    24
       Potion            |       |       |       |     2 |       ||     2
 Stab: Sleeping          |       |       |       |     2 |       ||     2
  Eat: Chunk             |     2 |     6 |     9 |    14 |     6 ||    37
       Ration            |       |       |     3 |     2 |       ||     5
Armor: Leather armour    |    50 |    36 |       |       |       ||    86
       Skin              |     4 |       |       |       |       ||     4
       Plate armour      |       |       |   245 |   105 |       ||   350
       Ring mail         |       |       |       |   132 |    11 ||   143
Dodge: Dodged            |    62 |    48 |    56 |   126 |    16 ||   308
Block: Other             |       |     8 |    29 |    16 |       ||    53
       Reflection        |       |       |     1 |       |       ||     1
